AoeStats
← xlxl

Northern Isles

510449427Analyzed
1v1 RM · 15h ago on Oct 1, 2026· 25m 34s· 2 players
Game mode
Random Map
Map size
Tiny (2 player)
Population
200
Speed
Normal
Resources
Standard
Victory
Conquest
Starting age
Dark Age
Ending age
Imperial Age
RankedLock teamsTeams togetherTeam positionsShared explorationLock speedFull tech treeHidden civsTurbo modeCheats
Victory
Defeat
🇺🇸 Bohemians · United States
647
+16
🇬🇧 Chinese · United Kingdom
657
-16
Hannibal
0:38 Loom
12:48 Feudal Age
18:18 Castle Age
17:14 Fishing Lines
17:18 Man-at-Arms
18:03 Double-Bit Axe
19:24 Medium Warships
20:31 Gillnets
24:30 Husbandry
25:45 Forging
xlxl
7:57 Loom
10:34 Feudal Age
9:01 Loom
14:39 Loom
18:48 Castle Age
17:42 Double-Bit Axe
17:51 Stone Mining
19:38 Town Watch
21:16 Town Patrol
Connection lost

Rejoining the realm…

Still unreachable

The connection could not be restored.

Session expired

The server has moved on; the page needs a fresh start.